 Dungeon Crawl Stone Soup version 0.21-a0-349-g0c35859 (webtiles) character file.

58 vishdafish the Charmwright (level 3, -13/27 HPs)
             Began as a Demonspawn Skald on Oct 8, 2017.
             Mangled by a worm (15 damage)
             ... on level 2 of the Dungeon.
             The game lasted 00:01:20 (882 turns).

vishdafish the Charmwright (Demonspawn Skald)        Turns: 882, Time: 00:01:21

Health: -13/27     AC:  3    Str:  9 (11) XL:     3   Next: 75%
Magic:  6/6        EV: 12    Int: 13 (15) God:
Gold:   67         SH:  0    Dex: 10 (12) Spells: 5/6 levels left

rFire    . . .     SeeInvis .   a - +0 hand axe
rCold    . . .     Gourm    .   (no shield)
rNeg     . . .     Faith    .   b - +0 leather armour
rPois    .         Spirit   .   (no helmet)
rElec    .         Reflect  .   (no cloak)
rCorr    .         Harm     .   (no gloves)
MR       .....                  (no boots)
Stlth    +.........             (no amulet)
HPRegen  0.09/turn              (no ring)
MPRegen  0.10/turn              (no ring)

@: flying, invisible
A: spiny 1
a: no special abilities


You were on level 2 of the Dungeon.
You were not hungry.

You visited 1 branch of the dungeon, and saw 2 of its levels.

You collected 67 gold pieces.

Inventory:

Hand Weapons
 a - a +0 hand axe (weapon)
Armour
 b - a +0 leather armour (worn)
Scrolls
 e - 2 scrolls of identify {unknown}
 g - 4 scrolls of fog {unknown}
 h - 2 scrolls of remove curse {unknown}
 j - 2 scrolls of teleportation {unknown}
 o - a scroll of blinking {unknown}
Potions
 n - a potion of brilliance {unknown}
 p - a potion of mutation {unknown}
 q - a potion of lignification {unknown}
Books
 c - a book of Battle

   Spells                             Type                      Level
   a - Infusion                       Charms                       1
   b - Shroud of Golubria             Charms/Translocation         2
   c - Song of Slaying                Charms                       2
   d - Spectral Weapon                Hexes/Charms                 3
   e - Regeneration                   Charms/Necromancy            3
Comestibles
 d - 2 bread rations
 f - 3 meat rations
 m - a royal jelly


   Skills:
 + Level 2.2 Fighting
 + Level 2.4 Axes
 + Level 1.2 Armour
 + Level 2.3 Dodging
 + Level 2.1 Spellcasting
 + Level 3.2 Charms


You had 5 spell levels left.
You knew the following spells:

 Your Spells              Type           Power        Failure   Level  Hunger
a - Infusion              Chrm           #...         9%          1    ##.....


Dungeon Overview and Level Annotations

Branches:
Dungeon (2/15)

Altars:
Kikubaaqudgha
Trog


Innate Abilities, Weirdness & Mutations

You are partially covered in sharp spines.


Message History

* * * LOW HITPOINT WARNING * * *
You barely miss the worm.
The worm is severely wounded.
The worm closely misses you.
You hit the worm.
The worm is almost dead.
The worm bites you.
* * * LOW HITPOINT WARNING * * *
It was a potion of degeneration.
There was something very wrong with that liquid.
You feel weakened.
You feel dopey.
You feel clumsy. The worm barely misses you.
It was a potion of flight.
You feel very buoyant.
You fly up into the air.
The worm bites you but does no damage.
It was a potion of invisibility.
You fade into invisibility!
The worm bites you!
Ouch! That really hurt!
You die...

#..............
#...
#..............
#..#
###.##.........
#####.#
####†####.......
+......
##.......##......
#####..
##.........##.....
....
#...........#....
......
#....###....# ..
.......#
#...##y##@..#
.......#
#....###w...#
#+####..
##.........## ##
#.).._....#
##..)...)##
###..)### ####


You could see a moth of wrath and a worm (berserk).

Vanquished Creatures
  An ooze (D:1)
  A dart slug (D:2)
  2 leopard geckos
  5 bats
  A giant cockroach (D:2)
  9 goblins
  5 hobgoblins
  4 jackals (D:1)
  4 kobolds (D:1)
  A quokka (D:2)
  A frilled lizard (D:1)
  9 rats
43 creatures vanquished.

Notes
Turn   | Place    | Note
-------+----------+-------------------------------------------
     0 | D:1      | vishdafish the Demonspawn Skald began the quest for the Orb.
     0 | D:1      | Reached XP level 1. HP: 16/16 MP: 3/3
    26 | D:1      | Reached skill level 3 in Charms
   128 | D:1      | Gained mutation: You are partially covered in sharp spines. [demonic ancestry]
   128 | D:1      | Reached XP level 2. HP: 18/22 MP: 5/5
   260 | D:1      | Reached XP level 3. HP: 23/27 MP: 6/6
   361 | D:1      | Reached skill level 1 in Armour
   651 | D:2      | Found an ancient bone altar of Kikubaaqudgha.
   847 | D:2      | Noticed a moth of wrath
   850 | D:2      | Found a bloodstained altar of Trog.
   882 | D:2      | Mangled by a worm

Vault maps used:
D:1:      dpeg_arrival_central, minmay_tetromino_l4
D:2:      nicolae_overflow_hidden_temple, tgw_trog, lemuel_doored_altar,
          uniq_sigmund

Skill      XL: |  1  2  3 |
---------------+----------+-----
Charms         | 3 |  3.2
Dodging        | 2 |  2.3
Axes           | 2 |  2.4
Armour         | 1 |  1.2
Fighting       | |  2.2
Spellcasting   | |  2.1

Action                   || total
-------------------------++-------
Melee: Hand axe          ||   103
 Cast: Infusion          ||     2
  Use: Potion            ||     3
Armor: Leather armour    ||    30
Dodge: Dodged            ||    78

Table legend:
 A = Spawn XP
 B = Non-spawn XP
 C = Spawn XP percentage of total XP
 D = Spawn monster count
 E = Non-spawn monster count
 F = Spawn count percentage of total count
 G = Total turns spent on level
                    A         B        C        D         E        F      G
               +---------+---------+-------+---------+---------+-------+---------
         Total |       0 |      83 |   0.0 |       0 |      43 |   0.0 |   882
               +---------+---------+-------+---------+---------+-------+---------
           D:1 |       0 |      55 |   0.0 |       0 |      28 |   0.0 |   643
           D:2 |       0 |      28 |   0.0 |       0 |      15 |   0.0 |   239
               +---------+---------+-------+---------+---------+-------+---------
